 Dungeon Sprint DCSS version 0.22-a0-265-g0d8bc90 (webtiles) character file.

5633 Kidiri the Fighter (level 10, -10/97 HPs)
             Began as a Hill Orc Fighter on Mar 6, 2018.
             Was a High Priest of Beogh.
             Mangled by a five-headed hydra (11 damage)
             ... in the Dungeon (Sprint VII: "The Pits").
             The game lasted 00:08:53 (1413 turns).

Kidiri the Fighter (Hill Orc Fighter)               Turns: 1413, Time: 00:08:53

Health: -10/97     AC: 22    Str: 26    XL:     10   Next: 74%
Magic:  10/16      EV: 10    Int:  8    God:    Beogh [*****.]
Gold:   0          SH: 13    Dex: 10    Spells: 9/9 levels left

rFire    . . .     SeeInvis .   a - +2 long sword (flame)
rCold    + . .     Gourm    .   c - +0 shield
rNeg     . . .     Faith    .   b - +3 plate armour {MR+}
rPois    +         Spirit   .   (no helmet)
rElec    .         Reflect  .   (no cloak)
rCorr    .         Harm     .   w - +0 pair of gloves
MR       +....     NoTele   +   (no boots)
Stlth    ..........             (no amulet)
HPRegen  0.26/turn              r - +3 ring of strength
MPRegen  0.15/turn              s - +3 ring of protection

@: very slightly contaminated
A: walk on water, cold resistance 1, mutation resistance 1, poison resistance
a: Smiting, Recall Orcish Followers, Give Item to Named Follower, Renounce
Religion


You were in the Dungeon.
You worshipped Beogh.
Beogh was extremely pleased with you.
You were not hungry.

You visited 1 branch

Inventory:

Hand Weapons
 a - a +2 long sword of flaming (weapon)
Missiles
 l - 15 stones (quivered)
Armour
 b - a +3 plate armour of magic resistance (worn)
 c - a +0 shield (worn)
 w - a +0 pair of gloves (worn)
Jewellery
 r - a +3 ring of strength (left hand)
 s - a +3 ring of protection (right hand)
Scrolls
 n - 3 scrolls of remove curse
 o - 5 scrolls of amnesia
 p - a scroll of summoning
Potions
 d - a potion of might
 e - 8 potions of curing
 g - 5 potions of heal wounds
 h - a potion of haste
 i - 4 potions of magic
 j - 2 potions of berserk rage
 m - 2 potions of invisibility
 t - 2 potions of brilliance
 u - a potion of agility
Comestibles
 f - 9 rations


   Skills:
 * Level 12.2 Fighting
 * Level 11.1 Long Blades
 + Level 6.3 Throwing
 * Level 11.4 Armour
 * Level 8.5 Dodging
 + Level 6.2 Stealth
 * Level 11.3 Shields
 + Level 9.0 Invocations


You had 9 spell levels left.
You didn't know any spells.

Dungeon Overview and Level Annotations

Branches:
Dungeon (1/1)

Altars:
Ashenzari
Cheibriados
Dithmenos
Elyvilon
Fedhas
Gozag
Hepliaklqana
Kikubaaqudgha
Makhleb
Nemelex Xobeh
Okawaru
Qazlal
Ru
Sif Muna
Trog
Uskayaw
Vehumet
Wu Jian
Xom
Yredelemnul
Zin
The Shining One
Beogh
Jiyva
Lugonu

Annotations:
D exclusions: 4 doors and 4 more exclusions


Innate Abilities, Weirdness & Mutations

You can walk on water.
Your flesh is cold resistant. (rC+)
You are somewhat resistant to further mutation.
Your system is resistant to poisons. (rPois)


Message History

The five-headed hydra is no longer moving slowly.
The fire crab breathes flames at you. The blast of flame engulfs you!
Unknown command.
You are engulfed in blazing flames.
The fire crab breathes flames at you. The blast of flame engulfs you!
Unknown command.
You are engulfed in blazing flames.
The fire crab bites you.
You are engulfed in flames!
* * * LOW HITPOINT WARNING * * *
The fire crab claws you!
* * * LOW HITPOINT WARNING * * *
You are engulfed in flames!
* * * LOW HITPOINT WARNING * * *
You block the five-headed hydra's attack.
The five-headed hydra bites you but does no damage.
The five-headed hydra closely misses you.
The five-headed hydra bites you!
You die...

''######
''################ ###
..#..............###..#
..##....))))......#§.#
..####...#)######.§§##
..#..#####)##...##§##
..#....##.÷.#...#§§§#
..'.....#...#.(t#§§§#
..'.....'...+.CD@§§§+
..'.....#...#..t#§.§#
..#....##.).#...#§§§#
..#..#####.##...##+##
..####..)#)######...#
..##...).)...†....#
..#..........÷...##
##################


You could see an alligator snapping turtle, a five-headed hydra, a fire crab and
a cyclops.

Vanquished Creatures
  A death yak (D)
  Sonja (D)
  A shadow wraith (D)
  A komodo dragon (D)
  A tyrant leech (D)
  6 dream sheep (D)
  2 shadows (D)
  A spriggan (D)
  A flying skull (D)
  A wraith (D)
  2 yaks (D)
  A warg (D)
  A water moccasin (D)
  A floating eye (D)
  A sky beast (D)
  An ogre (D)
  A centaur (D)
  A crocodile (D)
  A gnoll sergeant (D)
  A bullfrog (D)
  A killer bee (D)
  An orc wizard (D)
  An iron imp (D)
  2 iguanas (D)
  5 gnolls (D)
  An ufetubus (D)
  An ooze (D)
  2 leopard geckos (D)
  2 orcs (D)
  A bat (D)
  A goblin (D)
  4 jackals (D)
  A kobold (D)
  A quokka (D)
51 creatures vanquished.

Vanquished Creatures (collateral kills)
  A spiny frog (D)
  2 yaks (D)
  A hungry ghost (D)
  A steam dragon (D)
  A warg (D)
  A soldier ant (D)
  4 killer bees (D)
  2 orc priests (D)
  A gnoll (D)
  An orc (D)
  2 bats (D)
17 creatures vanquished.

Vanquished Creatures (others)
  3 orc high priests (D)
  5 orc warriors (D)
  2 orcs (D)
10 creatures vanquished.

Grand Total: 78 creatures vanquished

Notes
Turn   | Place    | Note
-------+----------+-------------------------------------------
     0 | D        | Kidiri the Hill Orc Fighter began the quest for the Orb.
     0 | D        | Reached XP level 1. HP: 19/19 MP: 1/1
    27 | D        | Found a bloodstained altar of Trog.
    27 | D        | Found a deep blue altar of Sif Muna.
    27 | D        | Found a viscous altar of Jiyva.
    27 | D        | Found a hazy altar of Hepliaklqana.
    27 | D        | Found an opulent altar of Gozag.
    28 | D        | Found a glowing golden altar of the Shining One.
    28 | D        | Found a glowing silver altar of Zin.
    28 | D        | Found a basalt altar of Yredelemnul.
    28 | D        | Found a shimmering altar of Xom.
    28 | D        | Found an ornate altar of the Wu Jian Council.
    28 | D        | Found a sacrificial altar of Ru.
    28 | D        | Found a stormy altar of Qazlal.
    28 | D        | Found an iron altar of Okawaru.
    28 | D        | Found a sparkling altar of Nemelex Xobeh.
    28 | D        | Found a burning altar of Makhleb.
    28 | D        | Found a blossoming altar of Fedhas.
    28 | D        | Found a white marble altar of Elyvilon.
    28 | D        | Found a shadowy altar of Dithmenos.
    28 | D        | Found a snail-covered altar of Cheibriados.
    30 | D        | Found a radiant altar of Vehumet.
    30 | D        | Found a corrupted altar of Lugonu.
    30 | D        | Found a roughly hewn altar of Beogh.
    31 | D        | Found a hide-covered altar of Uskayaw.
    31 | D        | Found an ancient bone altar of Kikubaaqudgha.
    31 | D        | Found a shattered altar of Ashenzari.
    42 | D        | Became a worshipper of Beogh the Brigand
   114 | D        | Reached skill level 4 in Fighting
   114 | D        | Reached skill level 1 in Invocations
   216 | D        | Reached * piety under Beogh
   216 | D        | Reached skill level 1 in Dodging
   216 | D        | Reached XP level 2. HP: 27/27 MP: 2/2
   243 | D        | Reached ** piety under Beogh
   254 | D        | Reached *** piety under Beogh
   254 | D        | Reached XP level 3. HP: 22/34 MP: 4/4
   356 | D        | Noticed a sky beast
   370 | D        | Killed a sky beast
   370 | D        | Reached skill level 5 in Fighting
   370 | D        | Reached skill level 1 in Throwing
   370 | D        | Reached skill level 5 in Armour
   370 | D        | Reached skill level 1 in Stealth
   370 | D        | Reached skill level 5 in Shields
   370 | D        | Reached XP level 4. HP: 44/44 MP: 1/6
   370 | D        | Reached XP level 5. HP: 50/50 MP: 1/7
   383 | D        | Noticed a floating eye
   383 | D        | Killed a floating eye
   383 | D        | Reached skill level 6 in Fighting
   383 | D        | Reached skill level 5 in Long Blades
   383 | D        | Reached XP level 6. HP: 58/58 MP: 3/8
   390 | D        | Reached **** piety under Beogh
   393 | D        | Noticed a water moccasin
   402 | D        | Killed a water moccasin
   402 | D        | Reached skill level 7 in Fighting
   468 | D        | Noticed a spriggan
   478 | D        | Killed a spriggan
   478 | D        | Reached skill level 5 in Invocations
   478 | D        | Reached XP level 7. HP: 57/67 MP: 7/10
   523 | D        | Noticed a warg
   523 | D        | Noticed a flying skull
   528 | D        | Killed a flying skull
   528 | D        | Reached skill level 8 in Fighting
   528 | D        | Reached skill level 5 in Dodging
   533 | D        | Reached ***** piety under Beogh
   547 | D        | Killed a warg
   547 | D        | Reached XP level 8. HP: 62/77 MP: 10/12
   613 | D        | Noticed a wraith
   613 | D        | Noticed a shadow
   631 | D        | Killed a wraith
   631 | D        | Reached skill level 9 in Fighting
   635 | D        | Killed a shadow
   695 | D        | Gained mutation: Your system is resistant to poisons. (rPois) [potion of mutation]
   695 | D        | Gained mutation: You are somewhat resistant to further mutation. [potion of mutation]
   695 | D        | Gained mutation: Your flesh is cold resistant. (rC+) [potion of mutation]
   779 | D        | Noticed a shadow
   787 | D        | Killed a shadow
   795 | D        | Killed a shadow wraith
   795 | D        | Reached skill level 10 in Fighting
   795 | D        | Reached XP level 9. HP: 45/85 MP: 11/14
   968 | D        | Noticed an orc high priest
   968 | D        | Noticed Sonja
   972 | D        | Killed Sonja
   972 | D        | Reached skill level 5 in Throwing
   972 | D        | Reached skill level 10 in Armour
   972 | D        | Reached skill level 5 in Stealth
   981 | D        | Reached skill level 10 in Shields
   989 | D        | Reached ****** piety under Beogh
   989 | D        | Reached skill level 11 in Fighting
   995 | D        | Reached skill level 10 in Long Blades
  1001 | D        | Reached XP level 10. HP: 56/96 MP: 3/16
  1118 | D        | Noticed a spiny frog
  1133 | D        | Killed a spiny frog
  1133 | D        | Reached skill level 12 in Fighting
  1148 | D        | Noticed a death yak
  1157 | D        | Killed a death yak
  1186 | D        | Noticed an orc high priest
  1402 | D        | Noticed a cyclops
  1402 | D        | Noticed a seven-headed hydra
  1403 | D        | Noticed a fire crab
  1403 | D        | Noticed an alligator snapping turtle
  1413 | D        | HP: 1/97 [fire crab (10)]
  1413 | D        | Mangled by a five-headed hydra

Vault maps used:
D:        pitsprint

Skill      XL: |  1  2  3  4  5  6  7  8  9 10 |
---------------+-------------------------------+-----
Fighting       | 4 5 6 7 8 10 11 12 | 12.2
Invocations    | 1 3 5 7 8 9 |  9.0
Dodging        | 1 2 3 4 5 6 7 8 |  8.5
Long Blades    | 3 4 5 6 7 9 10 11 | 11.1
Armour         | 4 5 6 7 8 9 10 11 | 11.4
Shields        | 4 5 6 7 8 9 10 11 | 11.3
Throwing       | 1 2 3 4 5 6 |  6.3
Stealth        | 1 2 3 4 5 6 |  6.2

Action                   |  1- 3 |  4- 6 |  7- 9 | 10-12 || total
-------------------------+-------+-------+-------+-------++-------
Melee: Falchion          |    34 |       |       |       ||    34
       Long sword        |     9 |    26 |    74 |    75 ||   184
Invok: Smiting           |     1 |     2 |     8 |     7 ||    18
       Resurrection      |       |       |       |     3 ||     3
  Use: Potion            |       |       |     3 |     4 ||     7
       Scroll            |       |       |       |     1 ||     1
  Eat: Chunk             |       |       |       |     3 ||     3
Armor: Scale mail        |    14 |       |       |       ||    14
       Chain mail        |     2 |     9 |    11 |       ||    22
       Plate armour      |       |       |    23 |    53 ||    76
Dodge: Dodged            |    12 |     6 |    18 |    35 ||    71
Block: Shield            |    25 |    10 |    30 |    73 ||   138
       Rpst.: Falchion   |     4 |       |       |       ||     4
       Long sword        |       |     4 |     7 |     8 ||    19

Table legend:
 A = Spawn XP
 B = Non-spawn XP
 C = Spawn XP percentage of total XP
 D = Spawn monster count
 E = Non-spawn monster count
 F = Spawn count percentage of total count
 G = Total turns spent on level
                    A         B        C        D         E        F      G
               +---------+---------+-------+---------+---------+-------+---------
         Total |       0 |    8048 |   0.0 |       0 |      68 |   0.0 |  1413
               +---------+---------+-------+---------+---------+-------+---------
             D |       0 |    8048 |   0.0 |       0 |      68 |   0.0 |  1413
               +---------+---------+-------+---------+---------+-------+---------
